[Event "Team 45 45 League T38"]
[Site "Internet Chess Club"]
[Date "2008.08.11"]
[Round "3"]
[White "badmove"]
[Black "Orinal"]
[Result "1/2-1/2"]
[WhiteElo "1551"]
[BlackElo "1437"]
[Opening "Queen's gambit declined"]
[ECO "D30"]
[Time "17:00:04"]
[TimeControl "2700+45"]

1. d4 d5 2. c4 e6 3. Nf3 Nf6 4. g3 c6 5. Bg2 Nbd7 6. O-O Be7 7. b3 O-O 8. Bb2
Re8 9. Nbd2 Qb6 10. Qc2 Nf8 11. e4 dxe4 12. Nxe4 Ng6 13. Ne5 Qc7 14. Rad1 Bd7
15. f4 Rad8 16. Ng5 Rf8 17. Ne4 Bc8 18. Qe2 c5 19. Nxf6+ Bxf6 20. d5 Rfe8 21.
Qh5 exd5 22. Rxd5 Be6 23. Rxd8 Rxd8 24. Qe2 {Game drawn by mutual agreement}
1/2-1/2

[Event "Team 45 45 League T38"]
[Site "Internet Chess Club"]
[Date "2008.08.09"]
[Round "3"]
[White "reb"]
[Black "ckm8u"]
[Result "1-0"]
[WhiteElo "2259"]
[BlackElo "2097"]
[Opening "Pirc: Byrne variation"]
[ECO "B07"]
[Time "14:00:25"]
[TimeControl "2700+45"]

1. e4 d6 2. d4 Nf6 3. Nc3 g6 4. Bg5 Bg7 5. Qd2 h6 6. Bf4 g5 7. Be3 Ng4 8. O-O-O
Nd7 9. h4 Nxe3 10. Qxe3 g4 11. Nge2 h5 12. Kb1 Bh6 13. Qd3 c5 14. Ng3 Qa5 15.
Nf5 Bf8 16. a3 cxd4 17. Qxd4 Ne5 18. Bb5+ Bd7 19. Bxd7+ Kxd7 20. b4 Qxa3 21. Nb5
Qa4 22. Qxe5 Qxb4+ 23. Kc1 Rh6 24. Qd5 Rb8 25. c3 Qa5 26. Nxh6 Bxh6+ 27. Kb1 a6
28. Qf5+ Kd8 29. Nxd6 Qb6+ 30. Kc2 exd6 31. Qf6+ Kc7 32. Qe7+ Kc8 33. Rxd6 Qxf2+
34. Kb3 {Black resigns} 1-0

[Event "Team 45 45 League T38"]
[Site "Internet Chess Club"]
[Date "2008.08.11"]
[Round "3"]
[White "ChronoKnight"]
[Black "bbentrup"]
[Result "1-0"]
[WhiteElo "2008"]
[BlackElo "2208"]
[Opening "Caro-Kann: exchange, Rubinstein variation"]
[ECO "B13"]
[Time "20:01:04"]
[TimeControl "2700+45"]

1. e4 c6 2. d4 d5 3. exd5 cxd5 4. Bd3 Nc6 5. c3 Nf6 6. Bf4 Bg4 7. Qb3 Qd7 8. Nd2
e6 9. Ngf3 Bxf3 10. Nxf3 Bd6 11. Bxd6 Qxd6 12. O-O O-O 13. Rae1 Rab8 14. Qd1 b5
15. Ne5 b4 16. Qf3 bxc3 17. bxc3 Qc7 18. Qh3 Nxe5 19. dxe5 Ne4 20. Bxe4 dxe4 21.
Rxe4 Rb2 22. a4 Rd8 23. Qh4 h6 24. Rc4 Qa5 25. Qe7 Rf8 26. Rc7 a6 27. Rd1 Qxa4
28. Rcd7 Qf4 29. Qxf8+ Kh7 30. Qxf7 Qxe5 31. Qf3 a5 32. Qd3+ Kg8 33. Rd8+ Kf7
34. Qd7+ Kg6 35. Qd3+ Kf7 36. c4 a4 37. Qf3+ Kg6 38. Qg3+ Qxg3 39. hxg3 Rc2 40.
Ra8 Rxc4 41. Ra1 Re4 42. R8xa4 Re5 43. Kf1 Kf7 44. Re1 Rb5 45. f4 Rb6 46. Kf2
Kf6 47. g4 g6 48. Kf3 Rc6 49. g3 Rb6 50. Rae4 Ra6 51. g5+ hxg5 52. fxg5+ Kxg5
53. Rxe6 Ra3+ 54. R6e3 Ra8 55. Rb1 Rf8+ 56. Kg2 Rf6 57. Re5+ Kh6 58. Rh1+ Kg7
59. Re7+ Kg8 60. Ra1 Kf8 61. Rb7 Kg8 62. Ra8+ Rf8 63. Rxf8+ {Black resigns} 1-0

[Event "Team 45 45 League T38"]
[Site "Internet Chess Club"]
[Date "2008.08.09"]
[Round "3"]
[White "John3v16"]
[Black "Aluminum"]
[Result "0-1"]
[WhiteElo "1757"]
[BlackElo "1845"]
[Opening "Queen's gambit declined"]
[ECO "D35"]
[Time "22:00:16"]
[TimeControl "2700+45"]

1. d4 d5 2. c4 e6 3. cxd5 exd5 4. Nc3 Nf6 5. Bf4 c6 6. e3 Bf5 7. Qb3 Qb6 8. Qxb6
axb6 9. Nge2 Nbd7 10. h3 Be7 11. f3 h5 12. Bg5 Bd6 13. Bf4 Bxf4 14. Nxf4 g5 15.
Nxh5 Rxh5 16. g4 Nxg4 17. fxg4 Bxg4 18. Ne2 Bf3 19. Rg1 f6 20. Ng3 Rh7 21. Nf5
Kf7 22. Kf2 Be4 23. Nd6+ Ke6 24. Nxe4 dxe4 25. Be2 Rah8 26. Rg3 Nf8 27. Kg1 Ng6
28. Rf1 Ne7 29. Rf2 Rg7 30. Rfg2 Ng6 31. Rf2 Nh4 32. Bc4+ Ke7 33. Be2 f5 34. a3
Ra8 35. Bd1 Ra5 36. Be2 Kf6 37. Bd1 Ng6 38. Be2 Ne7 39. Bd1 Nc8 40. Bc2 Nd6 41.
Rg4 Nc4 42. Rxe4 Nxb2 43. Bb3 Rxa3 44. Re6+ Kf7 45. Rxb2 Rxb3 46. Rxb3 Kxe6 47.
Rxb6 Kd5 48. Kf2 Kd6 49. Rb1 b5 50. Rc1 g4 51. h4 g3+ 52. Kg2 Rg4 53. h5 Rh4 54.
Rh1 Rxh1 55. Kxh1 b4 56. h6 b3 57. h7 b2 58. h8=Q b1=Q+ 59. Kg2 Qe4+ 60. Kxg3
Qxe3+ 61. Kg2 Qe4+ 62. Kf2 Kd5 63. Qd8+ Kc4 64. Qg8+ Qd5 65. Qxd5+ cxd5 66. Ke3
Kc3 67. Ke2 Kxd4 68. Kd2 Ke4 69. Ke2 d4 70. Kd2 d3 71. Ke1 Ke3 72. Kd1 d2 {White
resigns} 0-1

[Event "Team 45 45 League T38"]
[Site "Internet Chess Club"]
[Date "2008.08.10"]
[Round "3"]
[White "baumhauer"]
[Black "PandorasBox"]
[Result "0-1"]
[WhiteElo "1956"]
[BlackElo "2108"]
[Opening "Réti: advance variation"]
[ECO "A09"]
[Time "03:05:11"]
[TimeControl "2700+45"]

1. Nf3 d5 2. c4 d4 3. b4 f6 4. Bb2 e5 5. a3 c5 6. bxc5 Bxc5 7. d3 Nc6 8. g3 Nge7
9. Bg2 O-O 10. O-O Ng6 11. Nbd2 Bf5 12. Nb3 Be7 13. Nfd2 Qd7 14. Re1 Bh3 15. Bh1
Rad8 16. Rb1 f5 17. Bd5+ Kh8 18. e3 dxe3 19. fxe3 b6 20. Qf3 e4 21. Qh1 Nce5 22.
dxe4 Nd3 23. e5 Nxb2 24. Rxb2 Nxe5 25. Ra2 Nd3 26. Re2 f4 27. exf4 Nxf4 28. Re3
Nxd5 29. Qxd5 Qg4 30. Qe4 Rxd2 31. Nxd2 Bc5 32. Ra1 Qxe4 33. Nxe4 Bxe3+ 34. Kh1
Bg4 {White resigns} 0-1

[Event "Team 45 45 League T38"]
[Site "Internet Chess Club"]
[Date "2008.08.07"]
[Round "3"]
[White "fledermaus"]
[Black "fileman"]
[Result "1-0"]
[WhiteElo "2065"]
[BlackElo "1892"]
[Opening "Queen's pawn: Lundin (Kevitz-Mikenas) defense"]
[ECO "A40"]
[Time "16:15:07"]
[TimeControl "2700+45"]

1. d4 Nc6 2. Nf3 Nf6 3. c4 d6 4. g3 Bg4 5. Bg2 e6 6. O-O Be7 7. Nc3 d5 8. Ne5
Bf5 9. Qa4 O-O 10. Nxc6 bxc6 11. Qxc6 Rb8 12. cxd5 Rb6 13. Qa4 exd5 14. a3 c5
15. dxc5 Bxc5 16. b4 Bd4 17. Bb2 Bxc3 18. Bxc3 d4 19. Bb2 d3 20. exd3 Bxd3 21.
Rfd1 a6 22. Qb3 Rd6 23. Be5 {Black resigns} 1-0

[Event "Team 45 45 League T38"]
[Site "Internet Chess Club"]
[Date "2008.08.08"]
[Round "3"]
[White "Malcolm"]
[Black "smitty120"]
[Result "1-0"]
[WhiteElo "1838"]
[BlackElo "1919"]
[Opening "Dunst (Sleipner,Heinrichsen) opening"]
[ECO "A00"]
[Time "13:00:07"]
[TimeControl "2700+45"]

1. Nc3 e5 2. Nf3 Nc6 3. d4 exd4 4. Nxd4 Nf6 5. Bg5 Be7 6. Nf5 O-O 7. Nxe7+ Nxe7
8. Bxf6 gxf6 9. Qd4 Ng6 10. Ne4 Kg7 11. O-O-O d6 12. f3 Be6 13. g4 Ne5 14. h4 c5
15. Qxd6 Qa5 16. Qe7 Qxa2 17. Qxf6+ Kg8 18. Qg5+ Ng6 19. Nf6+ Kg7 20. Nh5+ Kg8
21. Qf6 Qa1+ 22. Kd2 Qa5+ 23. Ke3 {Black resigns} 1-0

[Event "Team 45 45 League T38"]
[Site "Internet Chess Club"]
[Date "2008.08.12"]
[Round "3"]
[White "Mr-Inretrospect"]
[Black "rubo"]
[Result "1/2-1/2"]
[WhiteElo "1836"]
[BlackElo "1699"]
[Opening "Caro-Kann: Panov-Botvinnik attack"]
[ECO "B13"]
[Time "14:02:16"]
[TimeControl "2700+45"]

1. e4 c6 2. d4 d5 3. exd5 cxd5 4. c4 Nf6 5. Nc3 Nc6 6. cxd5 Nxd5 7. Bc4 e6 8.
Nf3 Be7 9. O-O O-O 10. a3 a6 11. Qd3 b5 12. Bb3 Bb7 13. Nxd5 exd5 14. Bd2 Qd6
15. Rfe1 Bf6 16. Bg5 Bxg5 17. Nxg5 g6 18. Qh3 h5 19. Qd3 Qf6 20. Nf3 Na5 {Game
drawn by mutual agreement} 1/2-1/2

[Event "Team 45 45 League T38"]
[Site "Internet Chess Club"]
[Date "2008.08.11"]
[Round "3"]
[White "waverip"]
[Black "Ehab"]
[Result "1-0"]
[WhiteElo "1789"]
[BlackElo "1798"]
[Opening "QGD Slav defense: exchange variation"]
[ECO "D10"]
[Time "17:08:30"]
[TimeControl "2700+45"]

1. d4 d5 2. c4 c6 3. cxd5 cxd5 4. Nc3 e6 5. Nf3 a6 6. Bf4 f5 7. e3 Nf6 8. Be2
Bd6 9. Bxd6 Qxd6 10. Ne5 O-O 11. O-O Bd7 12. Rc1 Be8 13. f4 Nbd7 14. Qb3 b5 15.
a4 b4 16. Na2 a5 17. Rc6 Qe7 18. Rc7 Qd8 19. Rfc1 Nxe5 20. fxe5 Ne4 21. Bb5 Qh4
22. Qc2 f4 23. Qe2 Bh5 24. Qe1 Qg5 25. exf4 Qxf4 26. b3 Ng5 27. Qg3 Qxd4+ 28.
Kh1 h6 29. h4 Nf7 30. Bd7 Bg4 31. Re1 h5 32. Nc1 Rad8 33. Nd3 Qb6 34. Rc6 Qd4
35. Bxe6 Bxe6 36. Rxe6 Nh6 37. Rxh6 Rf7 38. e6 Re7 39. Qg6 Qxh4+ 40. Kg1 Qd4+
41. Nf2 Rxe6 42. Qxe6+ Kf8 43. Rh8# {Black checkmated} 1-0

[Event "Team 45 45 League T38"]
[Site "Internet Chess Club"]
[Date "2008.08.08"]
[Round "3"]
[White "Warpdrive"]
[Black "ShanghaiTom"]
[Result "1-0"]
[WhiteElo "1724"]
[BlackElo "1680"]
[Opening "Scandinavian defense"]
[ECO "B01"]
[Time "10:00:23"]
[TimeControl "2700+45"]

1. e4 d5 2. exd5 Nf6 3. Bb5+ Bd7 4. Bxd7+ Qxd7 5. Nf3 Nxd5 6. O-O Nc6 7. d4 e6
8. c3 Bd6 9. Nbd2 f5 10. Nc4 h6 11. Re1 O-O-O 12. Nce5 Qe7 13. Ng6 Qf6 14. Nxh8
Rxh8 15. Ne5 Nxe5 16. dxe5 Bxe5 17. Qe2 Bxh2+ 18. Kxh2 Qh4+ 19. Kg1 Re8 20. Qe5
g5 21. Be3 f4 22. Bxa7 g4 23. Rad1 Nf6 24. Qxf4 {Black resigns} 1-0

[Event "Team 45 45 League T38"]
[Site "Internet Chess Club"]
[Date "2008.08.10"]
[Round "3"]
[White "czek"]
[Black "Ernie1"]
[Result "1-0"]
[WhiteElo "1782"]
[BlackElo "1601"]
[Opening "Caro-Kann: Rasa-Studier gambit"]
[ECO "B15"]
[Time "20:02:58"]
[TimeControl "2700+45"]

1. e4 c6 2. d4 d5 3. Nc3 dxe4 4. f3 exf3 5. Nxf3 Bg4 6. h3 Bxf3 7. Qxf3 Nf6 8.
Qf2 e6 9. Bg5 Be7 10. Bd3 h6 11. Bh4 Nd5 12. O-O O-O 13. Bg3 Nd7 14. a3 Nxc3 15.
bxc3 Qa5 16. Qe3 Bg5 17. Qe4 Nf6 18. Rxf6 g6 19. Rxg6+ {Black resigns} 1-0

[Event "Team 45 45 League T38"]
[Site "Internet Chess Club"]
[Date "2008.08.10"]
[Round "3"]
[White "ARMAND01968"]
[Black "GambitBandit"]
[Result "1-0"]
[WhiteElo "1822"]
[BlackElo "2064"]
[Opening "Grob's attack"]
[ECO "A00"]
[Time "10:00:21"]
[TimeControl "2700+45"]

1. g4 d5 2. Bg2 c6 3. c4 dxc4 4. h3 e5 5. b3 Bc5 6. Bb2 Nf6 7. Bxe5 O-O 8. bxc4
Be6 9. Qc2 Nbd7 10. Bb2 Re8 11. e3 b5 12. g5 Nh5 13. Bf3 Nf4 14. cxb5 Nb6 15.
bxc6 Nd3+ 16. Kf1 Qxg5 17. Nc3 Bc4 18. Nce2 Qh4 19. Rh2 Rad8 20. Rg2 g6 21. Qc3
Nxb2 22. Qxb2 Bd3 23. Rc1 Nc4 24. Rg4 Qxg4 25. hxg4 Nxb2 26. Rxc5 Nc4 27. Ke1
Ne5 28. c7 Nxf3+ 29. Nxf3 Rc8 30. Nc3 Kf8 31. Nd4 Ke7 32. Rc6 Kd7 33. Nd5 Re5
34. Nf6+ Ke7 35. f4 Ra5 36. g5 Rxa2 37. Rc3 Bf5 38. Nxf5+ gxf5 39. Rc6 Rb2 40.
d4 Rb6 41. Nd5+ {Black resigns} 1-0

[Event "Team 45 45 League T38"]
[Site "Internet Chess Club"]
[Date "2008.08.08"]
[Round "3"]
[White "chess92192"]
[Black "frank001"]
[Result "0-1"]
[WhiteElo "1833"]
[BlackElo "1738"]
[Opening "Sicilian: Boleslavsky variation, 7.Nb3"]
[ECO "B59"]
[Time "13:00:55"]
[TimeControl "2700+45"]

1. e4 c5 2. Nf3 Nc6 3. d4 cxd4 4. Nxd4 Nf6 5. Nc3 d6 6. Be2 e5 7. Nb3 Be7 8. Bg5
Be6 9. O-O O-O 10. Qd2 h6 11. Bh4 a5 12. a4 Bxb3 13. cxb3 Nd4 14. Bxf6 Bxf6 15.
Bc4 Bg5 16. Qd3 Kh8 17. Rad1 f5 18. exf5 Nxf5 19. Nb5 Rf6 20. g4 Nh4 21. Nxd6
Qf8 22. Ne4 Rf3 23. Qd7 Qf4 24. Nxg5 hxg5 25. Rd3 Rf8 26. Rxf3 Nxf3+ 27. Kg2
Qxh2# {White checkmated} 0-1

[Event "Team 45 45 League T38"]
[Site "Internet Chess Club"]
[Date "2008.08.09"]
[Round "3"]
[White "andrew28"]
[Black "Bible"]
[Result "1-0"]
[WhiteElo "1772"]
[BlackElo "1635"]
[Opening "Philidor: exchange variation"]
[ECO "C41"]
[Time "11:11:44"]
[TimeControl "2700+45"]

1. e4 e5 2. Nf3 d6 3. d4 exd4 4. Nxd4 Be7 5. Nc3 c6 6. Bc4 Nf6 7. O-O O-O 8. a4
Nbd7 9. Nf5 Ne5 10. Nxe7+ Qxe7 11. Bb3 Bg4 12. f3 Bh5 13. Bg5 h6 14. Bh4 g5 15.
Bf2 Kh8 16. Qd2 Kh7 17. Rad1 Rfd8 18. Be3 Bxf3 19. gxf3 Nh5 20. Kh1 f6 21. Ne2
Qd7 22. Nd4 Qh3 23. Qg2 Qd7 24. Nf5 d5 25. Qh3 Kg6 26. c4 Qc7 27. cxd5 cxd5 28.
Bxd5 Qh7 29. Rg1 Re8 30. Nd6 Re7 31. f4 Nxf4 32. Bxf4 Kg7 33. Nf5+ Kg6 34. Nxe7+
Qxe7 35. Bxe5 Qxe5 36. Qf5+ Qxf5 37. exf5+ Kxf5 38. Bxb7 Rb8 39. Rd7 {Black
resigns} 1-0

[Event "Team 45 45 League T38"]
[Site "Internet Chess Club"]
[Date "2008.08.09"]
[Round "3"]
[White "chesskix"]
[Black "jjmolina"]
[Result "0-1"]
[WhiteElo "1592"]
[BlackElo "1748"]
[Opening "Queen's pawn game, Darooha variation "]
[ECO "D02"]
[Time "12:06:35"]
[TimeControl "2700+45"]

1. Nf3 d5 2. d4 Nf6 3. g3 c6 4. Bg2 e6 5. O-O Bd6 6. Nbd2 O-O 7. c4 Nbd7 8. c5
Be7 9. b4 b6 10. Nb3 Qc7 11. Bf4 Qb7 12. Qc2 Nh5 13. Ng5 g6 14. Bd2 e5 15. Bf3
Ng7 16. dxe5 Nxe5 17. Bg2 Nc4 18. h4 bxc5 19. bxc5 Bf6 20. Rab1 Qe7 21. Bf4 Be5
22. e3 Bxf4 23. exf4 Bf5 24. Rbe1 Qxe1 {White resigns} 0-1